Anaheim Ducks vs Vegas Golden Knights
Created - Saturday, February 10, 2024 at 07:55
Goals
|
| Anaheim Ducks |
1 |
2 |
2 |
5 |
| Vegas Golden Knights |
1 |
0 |
2 |
3 |
|
Shots
|
| Anaheim Ducks |
13 |
10 |
15 |
38 |
| Vegas Golden Knights |
16 |
18 |
11 |
45 |
|
1st period
1. Vegas Golden Knights , Rickard Rakell 4 (Roman Josi 3) at 6:06 (PP)
2. Anaheim Ducks , Alex Killorn 4 (Brayden Schenn 2, Max Domi 1) at 15:59
Penalties :
Mark Scheifele (ANA) for Interference (Minor) at 5:39, Morgan Rielly (ANA) for Cross-checking (Minor) at 19:01
2nd period
3. Anaheim Ducks , Teuvo Teravainen 1 (Chandler Stephenson 5) at 12:46
4. Anaheim Ducks , Brenden Dillon 1 (Mark Scheifele 2, William Nylander 6) at 14:01
Penalties :
Brenden Dillon (ANA) for Hooking (Minor) at 3:07
3rd period
5. Anaheim Ducks , Brayden Schenn 1 (Alex Killorn 1, Joshua Morrissey 3) at 0:58 (PP)
6. Vegas Golden Knights , Travis Hamonic 1 (Jonathan Drouin 1, Eric Staal 1) at 16:53
7. Vegas Golden Knights , Alex Chiasson 1 (Jonathan Drouin 2, Marc-Edouard Vlasic 1) at 19:21
8. Anaheim Ducks , William Nylander 3 (Chandler Stephenson 6, Ivan Provorov 4) at 19:39 (Empty Net)
Penalties :
Sean Couturier (VGK) for Interference (Minor) at 0:22, Travis Hamonic (VGK) for Roughing (Minor) at 4:53, Tyler Bertuzzi (VGK) for High sticking (Minor) at 9:46
Goalie Stats
Linus Ullmark (ANA), 42 saves from 45 shots - (0.933), W, 4-2-0, 60:00 minutes
Alexandar Georgiev (VGK), 33 saves from 37 shots - (0.892), L, 1-3-1, 59:48 minutes
Players Stats for Anaheim Ducks
Player Name G A P +/- PIM S H SB GA TA FO MP PP MP PK MP
------------------------------------------------------------------------------------
Alex Killorn 1 1 2 1 0 3 1 1 0 0 1/1 21:49 2:25 3:06
Brayden Schenn 1 1 2 1 0 5 1 1 2 1 0/0 18:23 2:25 0:00
Brenden Dillon 1 0 1 2 2 2 1 0 0 0 0/0 17:57 0:00 1:11
Calle Jarnkrok 0 0 0 0 0 2 0 0 0 0 0/0 9:17 0:00 0:00
Chandler Stephenson 0 2 2 1 0 0 2 0 1 0 11/20 13:01 0:00 3:06
Esa Lindell 0 0 0 0 0 1 0 4 0 0 0/0 18:35 0:00 2:11
Ivan Provorov 0 1 1 0 0 1 0 3 0 1 0/0 20:57 1:42 2:14
J.T. Compher 0 0 0 0 0 0 0 0 0 0 0/0 10:31 0:00 1:19
John Tavares 0 0 0 0 0 4 0 1 1 1 13/32 18:05 2:09 0:00
Josh Manson 0 0 0 2 0 0 1 1 0 1 0/0 21:20 1:42 2:14
Joshua Morrissey 0 1 1 0 0 4 3 0 0 2 0/0 20:05 2:52 0:00
Mark Scheifele 0 1 1 0 2 4 0 0 0 0 1/1 17:44 2:09 0:00
Mason Marchment 0 0 0 0 0 1 1 0 0 1 0/0 9:12 0:00 0:00
Max Domi 0 1 1 1 0 1 0 3 0 0 5/13 11:21 0:00 0:00
Morgan Rielly 0 0 0 0 2 0 2 2 0 0 0/0 21:24 2:52 1:00
Nazem Kadri 0 0 0 0 0 5 1 0 0 0 1/2 16:34 2:25 0:00
Teuvo Teravainen 1 0 1 1 0 1 0 0 0 0 0/2 10:54 0:00 1:19
William Nylander 1 1 2 1 0 4 0 0 1 0 0/1 18:23 2:09 0:00
Players Stats for Vegas Golden Knights
Player Name G A P +/- PIM S H SB GA TA FO MP PP MP PK MP
------------------------------------------------------------------------------------
Alex Chiasson 1 0 1 2 0 2 0 0 1 0 0/1 11:50 2:06 0:00
Chris Kreider 0 0 0 -1 0 6 2 0 0 0 1/1 16:40 2:01 0:00
Eric Staal 0 1 1 2 0 0 0 0 0 0 6/14 11:51 0:00 2:07
Joe Pavelski 0 0 0 -1 0 5 1 0 0 0 1/5 16:40 2:01 0:00
John Marino 0 0 0 -1 0 1 0 1 0 0 0/0 18:49 0:00 2:43
Jonathan Drouin 0 2 2 2 0 1 2 0 0 0 3/5 12:08 2:24 0:00
Jordan Staal 0 0 0 -2 0 0 0 1 0 0 4/9 11:56 0:00 2:07
Marc Staal 0 0 0 -1 0 3 0 0 0 0 0/0 16:47 0:00 1:51
Marc-Edouard Vlasic 0 1 1 1 0 0 0 1 0 1 0/0 14:32 0:00 1:51
Nikolaj Ehlers 0 0 0 -2 0 4 1 0 2 0 0/0 15:35 2:24 0:00
Reilly Smith 0 0 0 -2 0 3 0 0 0 0 4/4 13:08 2:01 0:21
Rickard Rakell 1 0 1 -1 0 9 2 0 0 0 0/1 14:15 2:24 0:00
Roman Josi 0 1 1 -2 0 2 2 2 1 1 0/0 24:33 2:19 0:00
Sean Couturier 0 0 0 -1 2 1 2 0 0 1 13/20 18:21 0:00 2:06
Sean Monahan 0 0 0 0 0 3 1 3 3 1 8/12 21:22 0:00 2:27
Shea Theodore 0 0 0 -2 0 1 0 2 0 1 0/0 25:38 2:06 0:59
Travis Hamonic 1 0 1 1 2 2 1 1 0 0 0/0 14:41 0:00 1:44
Tyler Bertuzzi 0 0 0 -2 2 2 1 1 0 0 0/0 16:37 2:19 0:00
3 Stars
1 - Brayden Schenn (ANA)
2 - Alex Killorn (ANA)
3 - William Nylander (ANA)
Power Play
Anaheim Ducks - 1 on 3 Attempt(s) - 33.33%
Vegas Golden Knights - 1 on 3 Attempt(s) - 33.33%
Penalty Kill
Anaheim Ducks - 2 on 3 Attempt(s) - 66.67%
- Score 0 goal in Penalty Kill
Vegas Golden Knights - 2 on 3 Attempt(s) - 66.67%
- Score 0 goal in Penalty Kill
Team Stat
Anaheim Ducks - Hits : 13 - Faceoff Wins : 32 - Blocked Shots : 16 - Penalty Minutes : 6
Vegas Golden Knights - Hits : 15 - Faceoff Wins : 40 - Blocked Shots : 12 - Penalty Minutes : 6
Official
Referees : Chris Rooney and Dan O'Rourke
Linesman : Brian Murphy and Kiel Murchison
Game Notes
William Nylander has scored in a empty net!
Finance
Level 1 -- Attendance: 5763 (96.05%) -- Ticket Income $547,485
Level 2 -- Attendance: 5000 (100.00%) -- Ticket Income $275,000
Level 3 -- Attendance: 2916 (97.20%) -- Ticket Income $87,480
Level 4 -- Attendance: 4807 (96.14%) -- Ticket Income $96,140
Luxury Box -- Attendance: 936 (93.60%) -- Ticket Income $177,840
Game was played at the T-Mobile Arena.
Total Attendance: 19422 (97.11%)
Total Ticket Income: $1,183,945
Other Income: $414,381
Total Income: $1,598,326
Anaheim Ducks
5 vs 5 Forward
Center Left Wing Right Wing Time % Phy DF OF
1 John Tavares William Nylander Mark Scheifele 40 1 1 3
2 Max Domi Brayden Schenn Alex Killorn 30 1 2 2
3 Chandler Stephenson Teuvo Teravainen Calle Jarnkrok 20 1 2 2
4 Nazem Kadri Mason Marchment J.T. Compher 10 1 2 2
5 vs 5 Defense
Defense Defense Time % Phy DF OF
1 Morgan Rielly Joshua Morrissey 35 1 2 2
2 Ivan Provorov Esa Lindell 35 1 2 2
3 Brenden Dillon Josh Manson 30 1 2 2
4 Morgan Rielly Esa Lindell 0 1 2 2
PowerPlay Forward
Center Left Wing Right Wing Time % Phy DF OF
1 John Tavares William Nylander Mark Scheifele 60 1 1 3
2 Nazem Kadri Alex Killorn Brayden Schenn 40 0 1 4
PowerPlay Defense
Defense Defense Time % Phy DF OF
1 Morgan Rielly Joshua Morrissey 60 1 2 2
2 Josh Manson Ivan Provorov 40 1 2 2
Penalty Kill 4 Players Forward
Center Wing Time % Phy DF OF
1 Chandler Stephenson Alex Killorn 55 1 3 1
2 J.T. Compher Teuvo Teravainen 45 1 3 1
Penalty Kill 4 Players Defense
Defense Defense Time % Phy DF OF
1 Esa Lindell Brenden Dillon 50 1 3 1
2 Ivan Provorov Josh Manson 50 1 3 1
Penalty Kill - 3 Players Forward
Forward Time % Phy DF OF
1 Alex Killorn 50 1 3 1
2 Chandler Stephenson 50 1 3 1
Penalty Kill - 3 Players Defense
Defense Defense Time % Phy DF OF
1 Esa Lindell Brenden Dillon 50 1 3 1
2 Josh Manson Ivan Provorov 50 1 3 1
4 vs 4 Forward
Center Wing Time % Phy DF OF
1 John Tavares William Nylander 60 1 2 2
2 Chandler Stephenson Mark Scheifele 40 1 2 2
4 vs 4 Defense
Defense Defense Time % Phy DF OF
1 Esa Lindell Morgan Rielly 50 1 2 2
2 Ivan Provorov Brenden Dillon 50 1 2 2
Last Minutes Offensive
Center Left Wing Right Wing Defense Defense
John Tavares William Nylander Mark Scheifele Morgan Rielly Joshua Morrissey
Last Minutes Defensive
Center Left Wing Right Wing Defense Defense
Chandler Stephenson Alex Killorn Teuvo Teravainen Ivan Provorov Esa Lindell
Goaltenders
Starting : Linus Ullmark
Backup : James Reimer
Extra Forwards
Normal : William Nylander, John Tavares, Mark Scheifele - PP : John Tavares, Mark Scheifele - PK : Alex Killorn
Extra Defensemen
Normal : Esa Lindell, Morgan Rielly, Joshua Morrissey - PP : Joshua Morrissey - PK : Esa Lindell, Morgan Rielly
Penalty Shots
William Nylander, Teuvo Teravainen, Mark Scheifele, Calle Jarnkrok, Alex Killorn
Vegas Golden Knights
5 vs 5 Forward
Center Left Wing Right Wing Time % Phy DF OF
1 Sean Monahan Chris Kreider Joe Pavelski 30 1 2 2
2 Sean Couturier Nikolaj Ehlers Rickard Rakell 30 1 2 2
3 Jordan Staal Tyler Bertuzzi Reilly Smith 25 1 2 2
4 Eric Staal Jonathan Drouin Alex Chiasson 15 1 2 2
5 vs 5 Defense
Defense Defense Time % Phy DF OF
1 Roman Josi Shea Theodore 35 1 2 2
2 Marc Staal John Marino 30 1 2 2
3 Marc-Edouard Vlasic Travis Hamonic 25 1 2 2
4 Roman Josi Shea Theodore 10 1 2 2
PowerPlay Forward
Center Left Wing Right Wing Time % Phy DF OF
1 Joe Pavelski Chris Kreider Reilly Smith 50 1 2 2
2 Jonathan Drouin Nikolaj Ehlers Rickard Rakell 50 1 2 2
PowerPlay Defense
Defense Defense Time % Phy DF OF
1 Tyler Bertuzzi Roman Josi 50 1 2 2
2 Alex Chiasson Shea Theodore 50 1 2 2
Penalty Kill 4 Players Forward
Center Wing Time % Phy DF OF
1 Sean Couturier Sean Monahan 50 1 2 2
2 Eric Staal Jordan Staal 50 1 2 2
Penalty Kill 4 Players Defense
Defense Defense Time % Phy DF OF
1 John Marino Travis Hamonic 50 1 2 2
2 Marc-Edouard Vlasic Marc Staal 50 1 2 2
Penalty Kill - 3 Players Forward
Forward Time % Phy DF OF
1 Sean Monahan 50 1 2 2
2 Jordan Staal 50 1 2 2
Penalty Kill - 3 Players Defense
Defense Defense Time % Phy DF OF
1 John Marino Travis Hamonic 50 1 2 2
2 Eric Staal Marc Staal 50 1 2 2
4 vs 4 Forward
Center Wing Time % Phy DF OF
1 Joe Pavelski Chris Kreider 50 1 2 2
2 Jonathan Drouin Alex Chiasson 50 1 2 2
4 vs 4 Defense
Defense Defense Time % Phy DF OF
1 Roman Josi Shea Theodore 50 1 2 2
2 Marc-Edouard Vlasic John Marino 50 1 2 2
Last Minutes Offensive
Center Left Wing Right Wing Defense Defense
Joe Pavelski Chris Kreider Nikolaj Ehlers Roman Josi Shea Theodore
Last Minutes Defensive
Center Left Wing Right Wing Defense Defense
Eric Staal Jordan Staal Sean Monahan Marc Staal Travis Hamonic
Goaltenders
Starting : Alexandar Georgiev
Backup : Casey DeSmith
Extra Forwards
Normal : Reilly Smith, Joe Pavelski, Chris Kreider - PP : Sean Monahan, Sean Couturier - PK : Reilly Smith
Extra Defensemen
Normal : John Marino, Roman Josi, Shea Theodore - PP : Marc Staal - PK : Shea Theodore, Roman Josi
Penalty Shots
Rickard Rakell, Sean Monahan, Joe Pavelski, Chris Kreider, Jonathan Drouin
% Time on Ice - Anaheim Ducks
Lines # - Real PCT - Wanted PCT - Time Play
Normal Forward
1 - 31% - 40% - 15:56
2 - 32% - 30% - 16:18
3 - 18% - 20% - 9:17
4 - 18% - 10% - 9:12
Normal Defense
1 - 34% - 35% - 17:15
2 - 33% - 35% - 16:43
3 - 33% - 30% - 16:45
4 - 0% - 0% - 0:00
PP Forward
1 - 47% - 60% - 2:09
2 - 53% - 40% - 2:25
PP Defense
1 - 63% - 60% - 2:52
2 - 37% - 40% - 1:42
PK Forward
1 - 70% - 55% - 3:06
2 - 30% - 45% - 1:19
PK Defense
1 - 49% - 50% - 2:11
2 - 51% - 50% - 2:14
PK3 Forward
1 - 0% - 50%
2 - 0% - 50%
PK3 Defense
1 - 0% - 50%
2 - 0% - 50%
44 Forward
1 - 0% - 60%
2 - 0% - 40%
44 Defense
1 - 0% - 50%
2 - 0% - 50%
Last Minute Offensive - 0:00
Last Minute Defensive - 0:18
Total
Forward - 60:00
Defense - 60:00
|
% Time on Ice - Vegas Golden Knights
Lines # - Real PCT - Wanted PCT - Time Play
Normal Forward
1 - 38% - 30% - 19:19
2 - 23% - 30% - 11:51
3 - 19% - 25% - 9:49
4 - 19% - 15% - 9:44
Normal Defense
1 - 39% - 35% - 19:48
2 - 29% - 30% - 14:56
3 - 25% - 25% - 12:41
4 - 7% - 10% - 3:18
PP Forward
1 - 46% - 50% - 2:01
2 - 54% - 50% - 2:24
PP Defense
1 - 52% - 50% - 2:19
2 - 48% - 50% - 2:06
PK Forward
1 - 54% - 50% - 2:27
2 - 46% - 50% - 2:07
PK Defense
1 - 59% - 50% - 2:43
2 - 41% - 50% - 1:51
PK3 Forward
1 - 0% - 50%
2 - 0% - 50%
PK3 Defense
1 - 0% - 50%
2 - 0% - 50%
44 Forward
1 - 0% - 50%
2 - 0% - 50%
44 Defense
1 - 0% - 50%
2 - 0% - 50%
Last Minute Offensive - 0:18
Last Minute Defensive - 0:00
Total
Forward - 60:00
Defense - 60:00
|
Play-by-Play
1st period
0:01 of 1st period - Sean Monahan wins face-off versus John Tavares in neutral zone.
0:04 of 1st period - Morgan Rielly is hit by Joe Pavelski and loses puck.
0:13 of 1st period - Snap shot by Joe Pavelski.
0:13 of 1st period - Shot Misses the Net.
0:15 of 1st period - Snap shot by Sean Monahan.
0:15 of 1st period - Shot Misses the Net.
0:27 of 1st period - Shea Theodore is hit by Alex Killorn and loses puck.
0:55 of 1st period - Jordan Staal is hit by Chandler Stephenson and loses puck.
1:32 of 1st period - Slapshot by Chris Kreider.
1:32 of 1st period - Shot Misses the Net.
1:52 of 1st period - Rickard Rakell is hit by Joshua Morrissey and loses puck.
2:12 of 1st period - Off-side.
2:13 of 1st period - Chandler Stephenson wins face-off versus Jordan Staal in neutral zone.
2:24 of 1st period - Snap shot by Reilly Smith.
2:24 of 1st period - Stopped by Linus Ullmark without a rebound.
2:25 of 1st period - Chris Kreider wins face-off versus John Tavares in Anaheim Ducks zone.
2:26 of 1st period - Snap shot by Sean Monahan.
2:26 of 1st period - Stopped by Linus Ullmark with a rebound.
2:28 of 1st period - Slapshot by Travis Hamonic.
2:28 of 1st period - Shot Blocked by Esa Lindell.
2:34 of 1st period - Snap shot by Chris Kreider.
2:34 of 1st period - Stopped by Linus Ullmark without a rebound.
2:35 of 1st period - John Tavares wins face-off versus Sean Monahan in Anaheim Ducks zone.
2:54 of 1st period - Snap shot by John Tavares.
2:54 of 1st period - Shot Misses the Net.
3:08 of 1st period - Snap shot by Joe Pavelski.
3:08 of 1st period - Shot Blocked by Esa Lindell.
3:22 of 1st period - Wrist shot by Joe Pavelski.
3:22 of 1st period - Stopped by Linus Ullmark without a rebound.
3:23 of 1st period - Max Domi wins face-off versus Sean Couturier in Anaheim Ducks zone.
4:26 of 1st period - Jonathan Drouin is hit by Morgan Rielly and loses puck.
4:37 of 1st period - John Marino is hit by Joshua Morrissey and loses puck.
5:00 of 1st period - Wrist shot by John Tavares.
5:00 of 1st period - Stopped by Alexandar Georgiev without a rebound.
5:01 of 1st period - Jordan Staal wins face-off versus Chandler Stephenson in Vegas Golden Knights zone.
5:08 of 1st period - Josh Manson is hit by Tyler Bertuzzi and loses puck.
5:15 of 1st period - Snap shot by Tyler Bertuzzi.
5:15 of 1st period - Shot Misses the Net.
5:27 of 1st period - Brenden Dillon is hit by Nikolaj Ehlers and loses puck.
5:34 of 1st period - Snap shot by Rickard Rakell.
5:34 of 1st period - Stopped by Linus Ullmark without a rebound.
5:35 of 1st period - Sean Couturier wins face-off versus John Tavares in Anaheim Ducks zone.
5:39 of 1st period - Minor Penalty to Mark Scheifele for Interference.
5:40 of 1st period - Chandler Stephenson wins face-off versus Joe Pavelski in Anaheim Ducks zone.
5:54 of 1st period - Wrist shot by Chris Kreider.
5:54 of 1st period - Shot Misses the Net.
5:56 of 1st period - Slapshot by Roman Josi.
5:56 of 1st period - Deflect By Brenden Dillon.
5:56 of 1st period - Stopped by Linus Ullmark with a rebound.
6:06 of 1st period - Wrist shot by Rickard Rakell.
6:06 of 1st period - Goal by Rickard Rakell - Anaheim Ducks : 0 - Vegas Golden Knights : 1.
6:07 of 1st period - Sean Couturier wins face-off versus William Nylander in neutral zone.
6:10 of 1st period - William Nylander is hit by Sean Couturier and loses puck.
7:06 of 1st period - Snap shot by Alex Chiasson.
7:06 of 1st period - Shot Blocked by Ivan Provorov.
8:20 of 1st period - Slapshot by Nazem Kadri.
8:20 of 1st period - Shot Blocked by Marc-Edouard Vlasic.
8:26 of 1st period - Snap shot by Joshua Morrissey.
8:26 of 1st period - Shot Blocked by Jordan Staal.
8:28 of 1st period - Slapshot by Nazem Kadri.
8:28 of 1st period - Shot Misses the Net.
8:44 of 1st period - Slapshot by Joe Pavelski.
8:44 of 1st period - Stopped by Linus Ullmark with a rebound.
8:46 of 1st period - Slapshot by Travis Hamonic.
8:46 of 1st period - Stopped by Linus Ullmark without a rebound.
8:47 of 1st period - Sean Monahan wins face-off versus Chandler Stephenson in Anaheim Ducks zone.
8:48 of 1st period - Snap shot by Joe Pavelski.
8:48 of 1st period - Shot Misses the Net.
8:56 of 1st period - Snap shot by Joe Pavelski.
8:56 of 1st period - Stopped by Linus Ullmark without a rebound.
8:57 of 1st period - Sean Couturier wins face-off versus John Tavares in Anaheim Ducks zone.
9:28 of 1st period - Snap shot by Brayden Schenn.
9:28 of 1st period - Stopped by Alexandar Georgiev with a rebound.
9:30 of 1st period - Slapshot by Brenden Dillon.
9:30 of 1st period - Deflect By Max Domi.
9:30 of 1st period - Stopped by Alexandar Georgiev without a rebound.
9:31 of 1st period - Alex Killorn wins face-off versus Sean Monahan in Vegas Golden Knights zone.
9:32 of 1st period - Wrist shot by Brayden Schenn.
9:32 of 1st period - Shot Blocked by Sean Monahan.
9:42 of 1st period - Slapshot by Chris Kreider.
9:42 of 1st period - Stopped by Linus Ullmark with a rebound.
10:12 of 1st period - Wrist shot by Joe Pavelski.
10:12 of 1st period - Shot Misses the Net.
10:24 of 1st period - Slapshot by Joe Pavelski.
10:24 of 1st period - Shot Blocked by Max Domi.
10:31 of 1st period - Off-side.
10:32 of 1st period - Sean Couturier wins face-off versus John Tavares in neutral zone.
10:49 of 1st period - Snap shot by Mark Scheifele.
10:49 of 1st period - Deflect By William Nylander.
10:49 of 1st period - Stopped by Alexandar Georgiev without a rebound.
10:50 of 1st period - Eric Staal wins face-off versus Chandler Stephenson in Vegas Golden Knights zone.
10:50 of 1st period - Eric Staal is hit by Joshua Morrissey.
11:00 of 1st period - Snap shot by Jonathan Drouin.
11:00 of 1st period - Stopped by Linus Ullmark without a rebound.
11:01 of 1st period - Jordan Staal wins face-off versus John Tavares in Anaheim Ducks zone.
11:11 of 1st period - Backhand shot by Tyler Bertuzzi.
11:11 of 1st period - Shot Blocked by John Tavares.
11:13 of 1st period - Slapshot by Shea Theodore.
11:13 of 1st period - Deflect By Reilly Smith.
11:13 of 1st period - Stopped by Linus Ullmark without a rebound.
11:14 of 1st period - Sean Couturier wins face-off versus John Tavares in Anaheim Ducks zone.
12:33 of 1st period - Wrist shot by Nazem Kadri.
12:33 of 1st period - Deflect By Mason Marchment.
12:33 of 1st period - Deflect By Joe Pavelski.
12:33 of 1st period - Stopped by Alexandar Georgiev with a rebound.
12:35 of 1st period - Slapshot by Brenden Dillon.
12:35 of 1st period - Stopped by Alexandar Georgiev without a rebound.
12:36 of 1st period - Sean Couturier wins face-off versus John Tavares in Vegas Golden Knights zone.
12:47 of 1st period - Snap shot by Rickard Rakell.
12:47 of 1st period - Shot Hit the Post.
12:51 of 1st period - Snap shot by Rickard Rakell.
12:51 of 1st period - Stopped by Linus Ullmark with a rebound.
12:53 of 1st period - Slapshot by Nikolaj Ehlers.
12:53 of 1st period - Stopped by Linus Ullmark without a rebound.
12:54 of 1st period - Chandler Stephenson wins face-off versus Eric Staal in Anaheim Ducks zone.
12:59 of 1st period - Snap shot by Calle Jarnkrok.
12:59 of 1st period - Shot Misses the Net.
13:01 of 1st period - Snap shot by Calle Jarnkrok.
13:01 of 1st period - Shot Blocked by Shea Theodore.
13:03 of 1st period - Backhand shot by Joshua Morrissey.
13:03 of 1st period - Stopped by Alexandar Georgiev without a rebound.
13:04 of 1st period - Eric Staal wins face-off versus Chandler Stephenson in Vegas Golden Knights zone.
13:14 of 1st period - Snap shot by Chandler Stephenson.
13:14 of 1st period - Shot Misses the Net.
13:16 of 1st period - Slapshot by Joshua Morrissey.
13:16 of 1st period - Shot Misses the Net.
13:18 of 1st period - Slapshot by Joshua Morrissey.
13:18 of 1st period - Stopped by Alexandar Georgiev with a rebound.
13:20 of 1st period - Snap shot by Calle Jarnkrok.
13:20 of 1st period - Stopped by Alexandar Georgiev without a rebound.
13:21 of 1st period - John Tavares wins face-off versus Sean Couturier in Vegas Golden Knights zone.
13:25 of 1st period - Icing by Travis Hamonic.
13:26 of 1st period - John Tavares wins face-off versus Sean Couturier in Vegas Golden Knights zone.
13:36 of 1st period - Off-side.
13:37 of 1st period - Jordan Staal wins face-off versus John Tavares in neutral zone.
14:55 of 1st period - Snap shot by Mason Marchment.
14:55 of 1st period - Shot Misses the Net.
14:57 of 1st period - Slapshot by Esa Lindell.
14:57 of 1st period - Shot Misses the Net.
14:59 of 1st period - Snap shot by Nazem Kadri.
14:59 of 1st period - Stopped by Alexandar Georgiev without a rebound.
15:00 of 1st period - Sean Monahan wins face-off versus John Tavares in Vegas Golden Knights zone.
15:12 of 1st period - Josh Manson is hit by Sean Monahan and loses puck.
15:39 of 1st period - Snap shot by Rickard Rakell.
15:39 of 1st period - Shot Misses the Net.
15:59 of 1st period - Snap shot by Alex Killorn.
15:59 of 1st period - Goal by Alex Killorn - Anaheim Ducks : 1 - Vegas Golden Knights : 1.
16:00 of 1st period - Max Domi wins face-off versus Jordan Staal in neutral zone.
16:34 of 1st period - Sean Monahan is hit by Chandler Stephenson and loses puck.
17:43 of 1st period - Snap shot by Brayden Schenn.
17:43 of 1st period - Deflect By Roman Josi.
17:43 of 1st period - Stopped by Alexandar Georgiev with a rebound.
17:45 of 1st period - Slapshot by Esa Lindell.
17:45 of 1st period - Stopped by Alexandar Georgiev without a rebound.
17:46 of 1st period - Sean Monahan wins face-off versus Max Domi in Vegas Golden Knights zone.
17:53 of 1st period - Wrist shot by Sean Monahan.
17:53 of 1st period - Deflect By Joe Pavelski.
17:53 of 1st period - Shot Blocked by Max Domi.
17:53 of 1st period - Puck is out of play.
17:54 of 1st period - Sean Monahan wins face-off versus Max Domi in Anaheim Ducks zone.
18:07 of 1st period - Wrist shot by Sean Monahan.
18:07 of 1st period - Shot Misses the Net.
18:09 of 1st period - Snap shot by Chris Kreider.
18:09 of 1st period - Shot Blocked by Brayden Schenn.
18:11 of 1st period - Slapshot by Marc Staal.
18:11 of 1st period - Shot Misses the Net.
18:13 of 1st period - Slapshot by John Marino.
18:13 of 1st period - Shot Blocked by Max Domi.
18:15 of 1st period - Slapshot by Marc Staal.
18:15 of 1st period - Stopped by Linus Ullmark without a rebound.
18:16 of 1st period - John Tavares wins face-off versus Sean Couturier in Anaheim Ducks zone.
18:16 of 1st period - John Tavares is hit by Rickard Rakell.
18:46 of 1st period - Off-side.
18:47 of 1st period - Jordan Staal wins face-off versus Max Domi in neutral zone.
19:01 of 1st period - Minor Penalty to Morgan Rielly for Cross-checking.
19:02 of 1st period - Chandler Stephenson wins face-off versus Jonathan Drouin in Anaheim Ducks zone.
Goals for this period are 1 for Anaheim Ducks vs 1 for Vegas Golden Knights.
Shots for this period are 13 for Anaheim Ducks vs 16 for Vegas Golden Knights.
2nd period
0:01 of 2nd period - Chandler Stephenson wins face-off versus Jonathan Drouin in neutral zone.
0:08 of 2nd period - Snap shot by Chandler Stephenson.
0:08 of 2nd period - Deflect By Alex Killorn.
0:08 of 2nd period - Shot Misses the Net.
0:08 of 2nd period - Puck is out of play.
0:09 of 2nd period - Jonathan Drouin wins face-off versus Chandler Stephenson in Vegas Golden Knights zone.
0:45 of 2nd period - Wrist shot by Rickard Rakell.
0:45 of 2nd period - Stopped by Linus Ullmark without a rebound.
0:46 of 2nd period - Chandler Stephenson wins face-off versus Joe Pavelski in Anaheim Ducks zone.
0:46 of 2nd period - Chandler Stephenson is hit by Roman Josi.
1:01 of 2nd period - Penalty to Morgan Rielly is over, Morgan Rielly is back on ice.
1:24 of 2nd period - Snap shot by John Tavares.
1:24 of 2nd period - Stopped by Alexandar Georgiev with a rebound.
1:26 of 2nd period - Slapshot by Josh Manson.
1:26 of 2nd period - Shot Misses the Net.
1:28 of 2nd period - Wrist shot by Mark Scheifele.
1:28 of 2nd period - Stopped by Alexandar Georgiev with a rebound.
2:24 of 2nd period - Slapshot by Chandler Stephenson.
2:24 of 2nd period - Shot Blocked by Roman Josi.
2:26 of 2nd period - Snap shot by Calle Jarnkrok.
2:26 of 2nd period - Stopped by Alexandar Georgiev without a rebound.
2:27 of 2nd period - Chandler Stephenson wins face-off versus Eric Staal in Vegas Golden Knights zone.
2:38 of 2nd period - Snap shot by Teuvo Teravainen.
2:38 of 2nd period - Shot Blocked by Travis Hamonic.
2:58 of 2nd period - Off-side.
2:59 of 2nd period - Sean Couturier wins face-off versus John Tavares in neutral zone.
3:07 of 2nd period - Minor Penalty to Brenden Dillon for Hooking.
3:08 of 2nd period - Chandler Stephenson wins face-off versus Joe Pavelski in Anaheim Ducks zone.
3:40 of 2nd period - Slapshot by Alex Chiasson.
3:40 of 2nd period - Deflect By Nikolaj Ehlers.
3:40 of 2nd period - Stopped by Linus Ullmark without a rebound.
3:41 of 2nd period - Jonathan Drouin wins face-off versus Chandler Stephenson in Anaheim Ducks zone.
3:54 of 2nd period - Wrist shot by Rickard Rakell.
3:54 of 2nd period - Stopped by Linus Ullmark without a rebound.
3:55 of 2nd period - Chandler Stephenson wins face-off versus Joe Pavelski in Anaheim Ducks zone.
5:07 of 2nd period - Penalty to Brenden Dillon is over, Brenden Dillon is back on ice.
5:14 of 2nd period - Snap shot by William Nylander.
5:14 of 2nd period - Stopped by Alexandar Georgiev with a rebound.
5:40 of 2nd period - Sean Monahan is hit by Brenden Dillon and loses puck.
5:47 of 2nd period - Marc-Edouard Vlasic is hit by Mason Marchment and loses puck.
6:21 of 2nd period - Icing by Jordan Staal.
6:22 of 2nd period - Chandler Stephenson wins face-off versus Jordan Staal in Vegas Golden Knights zone.
6:31 of 2nd period - Snap shot by Teuvo Teravainen.
6:31 of 2nd period - Shot Misses the Net.
7:05 of 2nd period - Wrist shot by Nikolaj Ehlers.
7:05 of 2nd period - Shot Misses the Net.
7:07 of 2nd period - Snap shot by John Marino.
7:07 of 2nd period - Stopped by Linus Ullmark with a rebound.
7:09 of 2nd period - Slapshot by John Marino.
7:09 of 2nd period - Shot Blocked by Morgan Rielly.
7:11 of 2nd period - Snap shot by Reilly Smith.
7:11 of 2nd period - Stopped by Linus Ullmark without a rebound.
7:12 of 2nd period - Sean Monahan wins face-off versus Max Domi in Anaheim Ducks zone.
7:25 of 2nd period - Snap shot by Joe Pavelski.
7:25 of 2nd period - Shot Blocked by Esa Lindell.
9:27 of 2nd period - Snap shot by William Nylander.
9:27 of 2nd period - Stopped by Alexandar Georgiev with a rebound.
10:08 of 2nd period - Snap shot by Jonathan Drouin.
10:08 of 2nd period - Shot Misses the Net.
10:10 of 2nd period - Slapshot by Roman Josi.
10:10 of 2nd period - Stopped by Linus Ullmark without a rebound.
10:11 of 2nd period - John Tavares wins face-off versus Eric Staal in Anaheim Ducks zone.
10:29 of 2nd period - Icing by Eric Staal.
10:30 of 2nd period - Max Domi wins face-off versus Eric Staal in Vegas Golden Knights zone.
10:31 of 2nd period - Slapshot by Alex Killorn.
10:31 of 2nd period - Shot Misses the Net.
11:54 of 2nd period - Snap shot by Reilly Smith.
11:54 of 2nd period - Deflect By Mark Scheifele.
11:54 of 2nd period - Shot Blocked by Morgan Rielly.
11:54 of 2nd period - Puck is out of play.
11:55 of 2nd period - Max Domi wins face-off versus Sean Monahan in Anaheim Ducks zone.
11:55 of 2nd period - Max Domi is hit by Chris Kreider.
12:01 of 2nd period - Wrist shot by Chris Kreider.
12:01 of 2nd period - Stopped by Linus Ullmark with a rebound.
12:03 of 2nd period - Snap shot by Joe Pavelski.
12:03 of 2nd period - Stopped by Linus Ullmark with a rebound.
12:05 of 2nd period - Snap shot by Sean Monahan.
12:05 of 2nd period - Stopped by Linus Ullmark with a rebound.
12:07 of 2nd period - Snap shot by Joe Pavelski.
12:07 of 2nd period - Deflect By Chris Kreider.
12:07 of 2nd period - Stopped by Linus Ullmark without a rebound.
12:08 of 2nd period - Sean Couturier wins face-off versus Max Domi in Anaheim Ducks zone.
12:15 of 2nd period - Snap shot by Rickard Rakell.
12:15 of 2nd period - Shot Blocked by Esa Lindell.
12:44 of 2nd period - Snap shot by Chandler Stephenson.
12:44 of 2nd period - Shot Misses the Net.
12:46 of 2nd period - Backhand shot by Teuvo Teravainen.
12:46 of 2nd period - Goal by Teuvo Teravainen - Anaheim Ducks : 2 - Vegas Golden Knights : 1.
12:47 of 2nd period - Sean Monahan wins face-off versus John Tavares in neutral zone.
12:52 of 2nd period - Slapshot by Shea Theodore.
12:52 of 2nd period - Stopped by Linus Ullmark without a rebound.
12:53 of 2nd period - John Tavares wins face-off versus Sean Monahan in Anaheim Ducks zone.
13:43 of 2nd period - Wrist shot by William Nylander.
13:43 of 2nd period - Shot Blocked by Tyler Bertuzzi.
13:45 of 2nd period - Slapshot by Josh Manson.
13:45 of 2nd period - Shot Blocked by Roman Josi.
13:47 of 2nd period - Slapshot by Josh Manson.
13:47 of 2nd period - Shot Misses the Net.
13:49 of 2nd period - Snap shot by Mark Scheifele.
13:49 of 2nd period - Stopped by Alexandar Georgiev with a rebound.
13:51 of 2nd period - Snap shot by Mark Scheifele.
13:51 of 2nd period - Shot Misses the Net.
13:59 of 2nd period - Snap shot by Mark Scheifele.
13:59 of 2nd period - Shot Misses the Net.
14:01 of 2nd period - Wrist shot by Brenden Dillon.
14:01 of 2nd period - Goal by Brenden Dillon - Anaheim Ducks : 3 - Vegas Golden Knights : 1.
14:02 of 2nd period - Sean Couturier wins face-off versus Max Domi in neutral zone.
14:09 of 2nd period - Wrist shot by Rickard Rakell.
14:09 of 2nd period - Stopped by Linus Ullmark without a rebound.
14:10 of 2nd period - Sean Couturier wins face-off versus Max Domi in Anaheim Ducks zone.
14:35 of 2nd period - Slapshot by Nikolaj Ehlers.
14:35 of 2nd period - Shot Hit the Post.
14:39 of 2nd period - Snap shot by Rickard Rakell.
14:39 of 2nd period - Stopped by Linus Ullmark with a rebound.
14:41 of 2nd period - Slapshot by Marc Staal.
14:41 of 2nd period - Stopped by Linus Ullmark with a rebound.
14:43 of 2nd period - Snap shot by Rickard Rakell.
14:43 of 2nd period - Stopped by Linus Ullmark without a rebound.
14:44 of 2nd period - Sean Monahan wins face-off versus John Tavares in Anaheim Ducks zone.
14:55 of 2nd period - Slapshot by William Nylander.
14:55 of 2nd period - Shot Blocked by Sean Monahan.
15:42 of 2nd period - Snap shot by Joe Pavelski.
15:42 of 2nd period - Stopped by Linus Ullmark with a rebound.
15:57 of 2nd period - Slapshot by Sean Monahan.
15:57 of 2nd period - Deflect By Chris Kreider.
15:57 of 2nd period - Stopped by Linus Ullmark with a rebound.
15:59 of 2nd period - Snap shot by Chris Kreider.
15:59 of 2nd period - Shot Misses the Net.
17:20 of 2nd period - Wrist shot by Sean Monahan.
17:20 of 2nd period - Shot Misses the Net.
17:40 of 2nd period - Mason Marchment is hit by Chris Kreider and loses puck.
18:34 of 2nd period - Slapshot by Nazem Kadri.
18:34 of 2nd period - Shot Misses the Net.
18:44 of 2nd period - Slapshot by J.T. Compher.
18:44 of 2nd period - Shot Misses the Net.
19:01 of 2nd period - Snap shot by Nazem Kadri.
19:01 of 2nd period - Stopped by Alexandar Georgiev with a rebound.
19:09 of 2nd period - Snap shot by Chris Kreider.
19:09 of 2nd period - Stopped by Linus Ullmark with a rebound.
19:36 of 2nd period - Slapshot by Joshua Morrissey.
19:36 of 2nd period - Deflect By Sean Monahan.
19:36 of 2nd period - Stopped by Alexandar Georgiev without a rebound.
19:37 of 2nd period - Sean Couturier wins face-off versus John Tavares in Vegas Golden Knights zone.
Goals for this period are 2 for Anaheim Ducks vs 0 for Vegas Golden Knights.
Shots for this period are 10 for Anaheim Ducks vs 18 for Vegas Golden Knights.
3rd period
0:01 of 3rd period - John Tavares wins face-off versus Rickard Rakell in neutral zone.
0:22 of 3rd period - Minor Penalty to Sean Couturier for Interference.
0:23 of 3rd period - Reilly Smith wins face-off versus John Tavares in Vegas Golden Knights zone.
0:38 of 3rd period - Snap shot by Mark Scheifele.
0:38 of 3rd period - Stopped by Alexandar Georgiev with a rebound.
0:40 of 3rd period - Slapshot by Joshua Morrissey.
0:40 of 3rd period - Deflect By Mark Scheifele.
0:40 of 3rd period - Shot Misses the Net.
0:40 of 3rd period - Puck is out of play.
0:41 of 3rd period - Reilly Smith wins face-off versus Nazem Kadri in Vegas Golden Knights zone.
0:52 of 3rd period - Backhand shot by Brayden Schenn.
0:52 of 3rd period - Shot Misses the Net.
0:54 of 3rd period - Slapshot by Joshua Morrissey.
0:54 of 3rd period - Stopped by Alexandar Georgiev with a rebound.
0:56 of 3rd period - Snap shot by Alex Killorn.
0:56 of 3rd period - Shot Misses the Net.
0:58 of 3rd period - Snap shot by Brayden Schenn.
0:58 of 3rd period - Goal by Brayden Schenn - Anaheim Ducks : 4 - Vegas Golden Knights : 1.
0:59 of 3rd period - Mark Scheifele wins face-off versus Sean Couturier in neutral zone.
1:39 of 3rd period - Wrist shot by Tyler Bertuzzi.
1:39 of 3rd period - Stopped by Linus Ullmark with a rebound.
1:51 of 3rd period - Eric Staal is hit by Josh Manson and loses puck.
3:34 of 3rd period - Wrist shot by Mark Scheifele.
3:34 of 3rd period - Shot Blocked by John Marino.
3:36 of 3rd period - Snap shot by Mark Scheifele.
3:36 of 3rd period - Stopped by Alexandar Georgiev with a rebound.
3:38 of 3rd period - Slapshot by Ivan Provorov.
3:38 of 3rd period - Stopped by Alexandar Georgiev with a rebound.
4:14 of 3rd period - Wrist shot by Alex Killorn.
4:14 of 3rd period - Stopped by Alexandar Georgiev with a rebound.
4:30 of 3rd period - Brayden Schenn is hit by Roman Josi.
4:36 of 3rd period - Snap shot by Reilly Smith.
4:36 of 3rd period - Deflect By Jordan Staal.
4:36 of 3rd period - Shot Blocked by Alex Killorn.
4:36 of 3rd period - Puck is out of play.
4:37 of 3rd period - John Tavares wins face-off versus Jordan Staal in Anaheim Ducks zone.
4:53 of 3rd period - Minor Penalty to Travis Hamonic for Roughing.
4:54 of 3rd period - John Tavares wins face-off versus Eric Staal in Vegas Golden Knights zone.
5:20 of 3rd period - Sean Monahan is hit by Brayden Schenn and loses puck.
5:45 of 3rd period - Off-side.
5:46 of 3rd period - Eric Staal wins face-off versus John Tavares in neutral zone.
6:08 of 3rd period - Slapshot by Morgan Rielly.
6:08 of 3rd period - Deflect By Alex Killorn.
6:08 of 3rd period - Shot Misses the Net.
6:08 of 3rd period - Puck is out of play.
6:09 of 3rd period - Sean Couturier wins face-off versus John Tavares in Vegas Golden Knights zone.
6:53 of 3rd period - Penalty to Travis Hamonic is over, Travis Hamonic is back on ice.
7:48 of 3rd period - Snap shot by Rickard Rakell.
7:48 of 3rd period - Shot Misses the Net.
7:50 of 3rd period - Snap shot by Rickard Rakell.
7:50 of 3rd period - Stopped by Linus Ullmark with a rebound.
8:04 of 3rd period - Snap shot by Chris Kreider.
8:04 of 3rd period - Shot Misses the Net.
8:06 of 3rd period - Wrist shot by Sean Monahan.
8:06 of 3rd period - Deflect By Brayden Schenn.
8:06 of 3rd period - Shot Misses the Net.
8:06 of 3rd period - Puck is out of play.
8:07 of 3rd period - Chandler Stephenson wins face-off versus Eric Staal in Anaheim Ducks zone.
8:53 of 3rd period - Wrist shot by Brayden Schenn.
8:53 of 3rd period - Shot Misses the Net.
8:55 of 3rd period - Slapshot by Brayden Schenn.
8:55 of 3rd period - Deflect By Tyler Bertuzzi.
8:55 of 3rd period - Stopped by Alexandar Georgiev without a rebound.
8:56 of 3rd period - Max Domi wins face-off versus Jordan Staal in Vegas Golden Knights zone.
8:57 of 3rd period - Snap shot by Brayden Schenn.
8:57 of 3rd period - Shot Blocked by Shea Theodore.
9:17 of 3rd period - Wrist shot by Tyler Bertuzzi.
9:17 of 3rd period - Stopped by Linus Ullmark without a rebound.
9:18 of 3rd period - Sean Couturier wins face-off versus John Tavares in Anaheim Ducks zone.
9:46 of 3rd period - Minor Penalty to Tyler Bertuzzi for High sticking.
9:47 of 3rd period - John Tavares wins face-off versus Eric Staal in Vegas Golden Knights zone.
9:58 of 3rd period - Wrist shot by Mark Scheifele.
9:58 of 3rd period - Shot Misses the Net.
10:13 of 3rd period - John Marino is hit by Morgan Rielly and loses puck.
10:18 of 3rd period - Snap shot by Nazem Kadri.
10:18 of 3rd period - Stopped by Alexandar Georgiev with a rebound.
10:20 of 3rd period - Snap shot by Alex Killorn.
10:20 of 3rd period - Stopped by Alexandar Georgiev without a rebound.
10:21 of 3rd period - John Tavares wins face-off versus Sean Couturier in Vegas Golden Knights zone.
10:53 of 3rd period - Wrist shot by Nazem Kadri.
10:53 of 3rd period - Stopped by Alexandar Georgiev without a rebound.
10:54 of 3rd period - Nazem Kadri wins face-off versus Sean Couturier in Vegas Golden Knights zone.
11:18 of 3rd period - Joshua Morrissey is hit by Travis Hamonic and loses puck.
11:46 of 3rd period - Penalty to Tyler Bertuzzi is over, Tyler Bertuzzi is back on ice.
12:00 of 3rd period - Tyler Bertuzzi is hit by Nazem Kadri and loses puck.
12:09 of 3rd period - Slapshot by Brayden Schenn.
12:09 of 3rd period - Stopped by Alexandar Georgiev with a rebound.
12:11 of 3rd period - Snap shot by Nazem Kadri.
12:11 of 3rd period - Stopped by Alexandar Georgiev with a rebound.
13:48 of 3rd period - Brenden Dillon is hit by Sean Couturier and loses puck.
14:35 of 3rd period - Snap shot by Brayden Schenn.
14:35 of 3rd period - Shot Blocked by Sean Monahan.
14:52 of 3rd period - Wrist shot by Sean Monahan.
14:52 of 3rd period - Shot Misses the Net.
15:10 of 3rd period - Slapshot by Shea Theodore.
15:10 of 3rd period - Shot Blocked by Josh Manson.
15:12 of 3rd period - Snap shot by Roman Josi.
15:12 of 3rd period - Shot Misses the Net.
15:38 of 3rd period - Wrist shot by Sean Couturier.
15:38 of 3rd period - Shot Misses the Net.
16:09 of 3rd period - Wrist shot by Sean Couturier.
16:09 of 3rd period - Stopped by Linus Ullmark with a rebound.
16:35 of 3rd period - Snap shot by Sean Monahan.
16:35 of 3rd period - Stopped by Linus Ullmark without a rebound.
16:36 of 3rd period - John Tavares wins face-off versus Eric Staal in Anaheim Ducks zone.
16:45 of 3rd period - Snap shot by John Tavares.
16:45 of 3rd period - Stopped by Alexandar Georgiev without a rebound.
16:46 of 3rd period - Eric Staal wins face-off versus John Tavares in Vegas Golden Knights zone.
16:53 of 3rd period - Slapshot by Travis Hamonic.
16:53 of 3rd period - Goal by Travis Hamonic - Anaheim Ducks : 4 - Vegas Golden Knights : 2.
16:54 of 3rd period - Eric Staal wins face-off versus Chandler Stephenson in neutral zone.
16:59 of 3rd period - Calle Jarnkrok is hit by Jonathan Drouin and loses puck.
17:20 of 3rd period - Ivan Provorov is hit by Rickard Rakell and loses puck.
17:27 of 3rd period - Wrist shot by Nikolaj Ehlers.
17:27 of 3rd period - Stopped by Linus Ullmark without a rebound.
17:28 of 3rd period - Reilly Smith wins face-off versus Chandler Stephenson in Anaheim Ducks zone.
17:43 of 3rd period - Wrist shot by Rickard Rakell.
17:43 of 3rd period - Shot Misses the Net.
17:57 of 3rd period - Wrist shot by Marc Staal.
17:57 of 3rd period - Stopped by Linus Ullmark without a rebound.
17:58 of 3rd period - John Tavares wins face-off versus Alex Chiasson in Anaheim Ducks zone.
18:09 of 3rd period - Slapshot by John Tavares.
18:09 of 3rd period - Stopped by Alexandar Georgiev without a rebound.
18:10 of 3rd period - Eric Staal wins face-off versus Chandler Stephenson in Vegas Golden Knights zone.
18:19 of 3rd period - Wrist shot by Alex Chiasson.
18:19 of 3rd period - Stopped by Linus Ullmark without a rebound.
18:20 of 3rd period - Jonathan Drouin wins face-off versus Teuvo Teravainen in Anaheim Ducks zone.
18:25 of 3rd period - Wrist shot by Alex Chiasson.
18:25 of 3rd period - Shot Blocked by Ivan Provorov.
19:08 of 3rd period - Chandler Stephenson is hit by Jonathan Drouin and loses puck.
19:19 of 3rd period - Slapshot by Jonathan Drouin.
19:19 of 3rd period - Shot Blocked by Ivan Provorov.
19:21 of 3rd period - Snap shot by Alex Chiasson.
19:21 of 3rd period - Goal by Alex Chiasson - Anaheim Ducks : 4 - Vegas Golden Knights : 3.
19:22 of 3rd period - Joe Pavelski wins face-off versus Teuvo Teravainen in neutral zone.
19:27 of 3rd period - Vegas Golden Knights, Alexandar Georgiev is pulled from the net.
19:27 of 3rd period - Wrist shot by Nikolaj Ehlers.
19:27 of 3rd period - Stopped by Linus Ullmark with a rebound.
19:39 of 3rd period - Slapshot by William Nylander.
19:39 of 3rd period - Goal by William Nylander - Anaheim Ducks : 5 - Vegas Golden Knights : 3.
19:39 of 3rd period - Alexandar Georgiev from Vegas Golden Knights was sent back in the game.
19:40 of 3rd period - Reilly Smith wins face-off versus Max Domi in neutral zone.
Goals for this period are 2 for Anaheim Ducks vs 2 for Vegas Golden Knights.
Shots for this period are 15 for Anaheim Ducks vs 11 for Vegas Golden Knights.
Back to the Top